 Dungeon Crawl Stone Soup version 0.25.1-2-g60ff931df9 (webtiles) character file.

Game seed: 16224457932145863934

116167 gruber the Gelid (level 15, -3/112 (113) HPs)
             Began as a Demigod Ice Elementalist on Nov 10, 2020.
             Slain by a shambling mangrove (7 damage)
             ... on level 2 of the Swamp.
             The game lasted 01:06:02 (35041 turns).

gruber the Gelid (Demigod Ice Elementalist)        Turns: 35041, Time: 01:06:02

HP:   -3/112 (113)  AC: 18    Str: 13    XL:     15   Next: 72%
MP:   6/35          EV: 15    Int: 42    God:
Gold: 2361          SH:  7    Dex: 27    Spells: 14/36 levels left

rFire    + . .     SeeInvis .   Y - +6 mace of Delightful Defiance {freeze, Int+5 Dex+6}
rCold    + . .     Gourm    .   G - +0 buckler
rNeg     . . .     Faith    .   V - +0 ring mail "Seliun" {MR++ Regen+}
rPois    +         Spirit   .   q - +2 helmet "Laimen" {rPois Dex+5}
rElec    .         Reflect  .   w - +0 cloak {rCorr}
rCorr    +         Harm     .   v - +1 pair of gloves
MR       +++..                  X - +2 pair of boots {run}
Stlth    ++........             O - amulet of regeneration
HPRegen  1.08/turn              k - ring "Huja" {rPois rF+ rC+ Str+2 Int+2}
MPRegen  0.24/turn              Q - +6 ring of intelligence

@: grasped by roots, constricted, quick
A: high mp 1
a: no special abilities


You were on level 2 of the Swamp.
You were near starving.

You visited 5 branches of the dungeon, and saw 26 of its levels.

You collected 3372 gold pieces.
You spent 1011 gold pieces at shops.

Inventory:

Hand Weapons
 K - a +0 vorpal double sword
 Y - the +6 mace of Delightful Defiance (weapon) {freeze, Int+5 Dex+6}
   (You found it on level 3 of the Lair of Beasts)

   It has been specially enchanted to freeze those struck by it, causing extra
   injury to most foes and up to half again as much damage against particularly
   susceptible opponents.
   It can also slow down cold-blooded creatures.
   It affects your intelligence (+5).
   It affects your dexterity (+6).
Missiles
 b - a throwing net
 n - 65 poisoned darts (quivered)
 L - 5 curare-tipped darts
Armour
 q - the +2 helmet "Laimen" (worn) {rPois Dex+5}
   (You bought it in a shop on level 14 of the Dungeon)

   It affects your dexterity (+5).
   It protects you from poison.
 v - a +1 pair of gloves (worn)
 w - a +0 cloak of preservation (worn)
 G - a +0 buckler (worn)
 I - a +1 ring mail of cold resistance
 V - the +0 ring mail "Seliun" (worn) {MR++ Regen+}
   (You found it on level 3 of the Lair of Beasts)

   It affects your resistance to hostile enchantments.
   It increases your rate of regeneration.
 X - a +2 pair of boots of running (worn)
Jewellery
 f - an uncursed amulet of reflection {unknown}
 k - the ring "Huja" (left hand) {rPois rF+ rC+ Str+2 Int+2}
   (You found it on level 13 of the Dungeon)

   [ring of protection from fire]

   It affects your strength (+2).
   It affects your intelligence (+2).
   It protects you from fire.
   It protects you from cold.
   It protects you from poison.
 O - an amulet of regeneration (around neck)
 Q - a +6 ring of intelligence (right hand)
 Z - an uncursed ring of protection from fire
Wands
 m - a wand of flame (38)
 z - a wand of paralysis (17)
 A - a wand of disintegration (12)
 E - a wand of acid (23)
 F - a wand of iceblast (1)
 J - a wand of digging (8)
 N - a wand of clouds (6)
 T - a wand of enslavement (16)
Scrolls
 e - 3 scrolls of enchant weapon {unknown}
 g - a scroll of silence {unknown}
 h - 6 scrolls of immolation {unknown}
 j - 3 scrolls of fog {unknown}
 l - 4 scrolls of magic mapping {unknown}
 o - 8 scrolls of teleportation
 r - 8 scrolls of remove curse
 P - 2 scrolls of vulnerability
 R - 2 scrolls of blinking
 S - a scroll of holy word {unknown}
Potions
 a - a potion of berserk rage
 d - 2 potions of heal wounds
 i - 3 potions of haste
 s - 5 potions of flight
 t - 9 potions of curing
 x - 3 potions of lignification
 C - 4 potions of invisibility
 D - 6 potions of might
 H - 5 potions of stabbing
 M - a potion of ambrosia
 U - a potion of resistance
 W - 2 potions of brilliance
Comestibles
 c - 45 rations


   Skills:
 - Level 5.3 Fighting
 * Level 4.7 Maces & Flails
 - Level 12.0 Armour
 - Level 8.0 Dodging
 - Level 1.7 Stealth
 - Level 5.0 Shields
 - Level 11.0 Spellcasting
 - Level 2.0 Conjurations
 - Level 3.2 Summonings
 - Level 17.0 Ice Magic
 - Level 1.7 Evocations


You had 14 spell levels left.
You knew the following spells:

 Your Spells              Type           Power        Failure   Level  Hunger
a - Freeze                Ice            ####         0%          1    None
b - Frozen Ramparts       Ice            ######       0%          3    None
c - Hailstorm             Conj/Ice       #######.     1%          4    None
d - Summon Ice Beast      Ice/Summ       #######.     1%          4    None
e - Sublimation of Blood  Necr           ###.......   3%          2    None
f - Eringya's Noxious Bo  Tmut/Pois      ###.......   98%         6    ###....
g - Blink                 Tloc           N/A          3%          2    None

Your spell library contained the following spells:

 Spells                   Type           Power        Failure   Level  Hunger
 Foxfire                  Conj/Fire      ####         1%          1    None
 Magic Dart               Conj           ####         1%          1    None
 Call Imp                 Summ           ######..     1%          2    None
 Ozocubu's Armour         Chrm/Ice       #######.     1%          3    None
 Sandblast                Erth           ###...       2%          1    None
 Passwall                 Tmut/Erth      ###.....     3%          2    None
 Slow                     Hex            ###.....     3%          2    None
 Conjure Flame            Conj/Fire      ####....     4%          3    None
 Stone Arrow              Conj/Erth      ####..       4%          3    None
 Mephitic Cloud           Conj/Pois/Air  ####....     5%          3    None
 Ignite Poison            Fire/Tmut/Pois ###.....     7%          3    None
 Cause Fear               Hex            ###.......   24%         4    None
 Petrify                  Tmut/Erth      ###.....     24%         4    None
 Irradiate                Conj/Tmut      ####......   41%         5    None
 Alistair's Intoxication  Tmut/Pois      ###.....     54%         5    None
 Lee's Rapid Deconstruct  Erth           ###.......   54%         5    None
 Dragon Form              Tmut           ###.......   100%        7    #####..
 Dragon's Call            Summ           ######....   100%        9    #######


Dungeon Overview and Level Annotations

Branches:
Dungeon (15/15)            Temple (0/1) D:5            Lair (6/6) D:9
  Swamp (2/4) Lair:4       Spider (1/4) Lair:2        Slime (0/5) Lair:5
    Orc (2/2) D:10            Elf (0/3) Orc:2        Vaults (0/5) D:14
 Depths (0/5) D:15

Shops:
D:11 *   D:14 [**[*   Orc:1 *   Orc:2 *[(=

Portals:
Trove: D:12 (give 17 scrolls of teleportation)

Annotations:
D:2 Sigmund
D:3 Grinder
D:6 2 runed translucent doors, anoamas321's ghost, novice GrEE
Lair:4 2 runed translucent doors, hjaiej13's ghost, journeyman DrIE
Spider:1 2 runed translucent doors, Asterion; Poeca's ghost, journeyman FoSk


Innate Abilities, Weirdness & Mutations

You have an increased reservoir of magic. (+10% MP)


Message History

The shambling mangrove is almost destroyed.
Roots burst forth from the earth!
The grasping roots grab you!
* * * LOW HITPOINT WARNING * * *
The grasping roots constrict you!!
Your ice beast hits the shambling mangrove but does no damage.
You catch the helpless shambling mangrove completely off-guard!
You hit the shambling mangrove but do no damage.
The shambling mangrove is almost destroyed.
The shambling mangrove hits you!!
* * * LOW HITPOINT WARNING * * *
x2 The grasping roots constrict you!
Your ice beast hits the shambling mangrove but does no damage.
Unknown command.
You catch the helpless shambling mangrove completely off-guard!
You hit the shambling mangrove. You freeze the shambling mangrove.
The shambling mangrove is almost destroyed.
Your ice beast hits the shambling mangrove but does no damage.
The shambling mangrove barely misses you.
You die...

♣.≈$.♣♣♣...≈≈≈.≈≈≈≈≈♣
♣♣≈♣♣.≈♣...≈≈≈≈≈≈≈≈♣
.≈♣....♣.≈....≈≈≈.♣♣
...[≈≈.♣.....§≈≈≈.≈♣
≈≈≈≈≈≈≈...≈≈..≈≈≈≈.♣
.≈≈≈≈≈≈≈.≈≈≈≈.≈≈≈≈.♣♣♣♣
≈$.≈≈≈≈≈≈≈≈≈≈.≈≈≈$.≈≈≈♣♣
≈.♣≈..≈≈≈≈≈≈≈≈≈.≈<..≈≈.♣♣
.≈♣......≈≈≈≈≈≈Y@≈...≈≈≈♣
.♣.≈≈≈...$≈..≈.f.$.....♣♣
♣.≈≈≈.♣.........†......♣
♣≈.≈.≈≈..........≈≈≈...♣
.≈≈≈.......≈≈≈≈≈..♣
≈≈≈≈.......!.≈≈...♣
≈≈≈≈.♣≈..........♣♣
≈≈≈...♣...≈.≈..♣♣♣
≈≈.≈≈.♣.≈...♣♣♣♣


You could see a shambling mangrove and a friendly ice beast (summoned).

Vanquished Creatures
  A thorn hunter (Swamp:2)
  An orc warlord (Orc:2)
  A fire dragon (Lair:6)
  A yaktaur captain (D:15)
  Josephine (Lair:6)
  Harold (D:7)
  13 hydras
  Fannar (Orc:1)
  A death knight (D:12)
  5 two-headed ogres
  2 centaur warriors
  7 death yaks
  An alligator (Swamp:2)
  An ogre mage (D:15)
  2 tengu warriors
  An orc high priest (Orc:2)
  Urug (Orc:2)
  Nergalle (Lair:1)
  3 skeletal warriors
  3 unseen horrors
  A deep troll (D:15)
  A swamp dragon (Lair:6)
  A lindwurm (Lair:5)
  Pikel (D:7)
  4 wolf spiders
  An orb spider (Spider:1)
  4 ugly things
  2 oklob plants (Lair:2)
  2 orc sorcerers (Orc:2)
  A deep elf mage (D:15)
  A manticore (D:15)
  5 cyclopes
  An elephant (Lair:6)
  3 centaur zombies
  Joseph (D:7)
  3 black mambas
  A molten gargoyle (D:15)
  5 centaur skeletons
  16 spiny frogs
  2 kobold demonologists
  3 komodo dragons
  3 rime drakes
  2 demonic crawlers (Spider:1)
  2 efreet
  A tengu conjurer (D:14)
  A freezing wraith (D:12)
  9 jumping spiders
  7 trolls
  2 tyrant leeches (Swamp:1)
  4 hornets
  23 blink frogs
  16 hippogriffs
  4 slime creatures
  2 bog bodies (Swamp:1)
  8 redbacks
  2 shadows
  5 tarantellas (Spider:1)
  A vampire (D:14)
  A fire bat (shapeshifter) (D:13)
  7 wyverns
  25 yaks
  A golden eye (shapeshifter) (D:14)
  3 wraiths
  Eustachio (D:6)
  3 wargs (Orc:2)
  A steam dragon (D:9)
  4 basilisks
  7 vampire mosquitoes
  2 swamp worms
  4 acid dragons
  8 insubstantial wisps (Swamp:2)
  A soldier ant (D:12)
  19 water moccasins
  A hell hound (Lair:5)
  4 porcupines
  26 orc warriors
  9 sky beasts
  3 ice beasts
  A black bear (shapeshifter) (D:14)
  An eye of draining (D:14)
  4 necrophages
  10 wolves (Lair:3)
  15 crocodiles
  16 centaurs
  8 ogres
  3 big kobolds (D:10)
  15 bullfrogs
  5 gnoll sergeants (D:10)
  2 scorpions
  66 killer bees
  9 wights
  A howler monkey (D:14)
  2 electric eels (Lair:6)
  7 crimson imps
  5 jellies
  16 orc priests
  4 bullfrog skeletons
  Crazy Yiuf (D:5)
  10 hounds
  7 iguanas
  Ijyb (D:5)
  30 orc wizards
  13 worker ants
  5 hell rats (Lair:4)
  A nameless horror (D:11)
  A hound zombie (D:4)
  A hound skeleton (D:9)
  A mummy (D:8)
  2 worker ant zombies
  5 gnolls
  11 adders
  3 shadow imps
  3 white imps (D:12)
  4 oozes
  An adder skeleton (D:9)
  2 worms
  3 dart slugs
  4 leopard geckos
  69 orcs
  12 bats
  3 giant cockroaches
  6 goblins
  4 hobgoblins
  3 jackals (D:7)
  7 quokkas
  A ball python (D:7)
  A frilled lizard (D:2)
  9 kobolds
  3 leopard gecko skeletons
  4 rats
  5 fungi
  4 plants
759 creatures vanquished.

Vanquished Creatures (collateral kills)
  Rupert (Lair:5)
  2 ettins
  A vault guard (D:14)
  4 hydras
  A centaur warrior (D:14)
  A tengu warrior (D:14)
  2 alligators (Swamp:1)
  A death yak (Lair:6)
  Sonja (D:10)
  A deep elf knight (D:15)
  2 orc knights (Orc:2)
  4 wolf spiders (Spider:1)
  An orb spider (Spider:1)
  2 ugly things (D:14)
  3 cyclopes
  5 elephants (Lair:6)
  A black mamba (shapeshifter) (D:15)
  A centaur zombie (D:11)
  2 centaur skeletons
  6 rime drakes
  2 komodo dragons
  3 demonic crawlers (Spider:1)
  A tengu conjurer (D:14)
  2 jumping spiders (Spider:1)
  2 trolls
  A polar bear (Lair:4)
  A queen bee (D:11)
  2 bog bodies (Swamp:1)
  A slime creature (D:14)
  A tyrant leech (Swamp:1)
  3 hippogriffs
  5 wraiths
  4 redbacks (Spider:1)
  3 yaks
  3 wyverns (Lair:5)
  A hungry ghost (D:11)
  2 basilisks
  2 steam dragons (Lair:6)
  A warg (Orc:2)
  4 swamp worms
  3 water moccasins
  5 insubstantial wisps (Swamp:2)
  An acid dragon (Lair:6)
  6 orc warriors
  4 swamp drakes
  3 ice beasts
  A necrophage (Swamp:2)
  2 ogres
  A centaur (D:12)
  2 crocodiles (Lair:6)
  2 bullfrogs (D:11)
  A scorpion (D:13)
  3 killer bees (D:11)
  3 howler monkeys
  5 wights
  2 crimson imps (D:12)
  A quasit (D:13)
  2 orc wizards (Orc:1)
  An orc priest (Orc:2)
  An iguana (Lair:6)
  A howler monkey skeleton (D:9)
  10 orcs
146 creatures vanquished.

Vanquished Creatures (others)
  Maurice (D:9)
  A goblin (D:9)
  A quokka (D:6)
  A bush (Lair:5)
  16 fungi
  17 plants
37 creatures vanquished.

Grand Total: 942 creatures vanquished

Notes
Turn   | Place    | Note
-------+----------+-------------------------------------------
     0 | D:1      | gruber the Demigod Ice Elementalist began the quest for the
                  | Orb.
     0 | D:1      | Reached XP level 1. HP: 14/14 MP: 5/5
   246 | D:1      | Reached skill level 4 in Ice Magic
   276 | D:1      | Reached XP level 2. HP: 14/20 MP: 0/7
  1482 | D:2      | Reached XP level 3. HP: 26/26 MP: 6/8
  1554 | D:2      | Noticed Sigmund
  1949 | D:3      | Found a blossoming altar of Fedhas.
  2321 | D:3      | Reached XP level 4. HP: 27/33 MP: 7/11
  2388 | D:3      | Noticed Grinder
  2434 | D:4      | Learned a level 3 spell: Frozen Ramparts
  2439 | D:4      | Learned a level 4 spell: Hailstorm
  2519 | D:4      | Reached skill level 5 in Ice Magic
  2593 | D:4      | Reached XP level 5. HP: 33/38 MP: 8/13
  2763 | D:4      | Reached XP level 6. HP: 45/45 MP: 11/15
  3209 | D:4      | Reached skill level 6 in Ice Magic
  3730 | D:5      | Entered Level 5 of the Dungeon
  4087 | D:5      | Reached skill level 7 in Ice Magic
  4087 | D:5      | Reached XP level 7. HP: 46/50 MP: 12/16
  4318 | D:5      | Found a staircase to the Ecumenical Temple.
  4365 | D:5      | Found a runed translucent door.
  4366 | D:5      | Noticed Crazy Yiuf
  4498 | D:5      | Noticed Ijyb
  4510 | D:5      | Killed Ijyb
  4532 | D:5      | Found a bloodstained altar of Trog.
  4607 | D:5      | Killed Crazy Yiuf
  4848 | D:6      | Reached skill level 8 in Ice Magic
  4890 | D:6      | Reached skill level 1 in Conjurations
  4890 | D:6      | Reached skill level 1 in Evocations
  4993 | D:6      | Noticed Eustachio
  5099 | D:6      | Killed Eustachio
  5099 | D:6      | Reached XP level 8. HP: 57/57 MP: 14/17
  5140 | D:6      | Found a basalt altar of Yredelemnul.
  5219 | D:6      | Found a white marble altar of Elyvilon.
  5246 | D:6      | Found a runed translucent door.
  5250 | D:6      | Noticed anoamas321's ghost (novice GrEE)
  5310 | D:6      | You fall into a shaft and drop 3 floors!
  5378 | D:7      | Reached skill level 1 in Fighting
  5424 | D:7      | Noticed Pikel
  5441 | D:7      | Killed Pikel
  5702 | D:7      | Found a shadowy altar of Dithmenos.
  5863 | D:7      | Reached skill level 5 in Fighting
  5959 | D:7      | Noticed a hippogriff
  5960 | D:7      | Noticed Harold
  5980 | D:7      | Killed a hippogriff
  5993 | D:7      | Killed Harold
  5993 | D:7      | Reached XP level 9. HP: 5/74 MP: 13/18
  5993 | D:7      | HP: 3/74 [poisoned by Harold]
  6353 | D:6      | Found a runed translucent door.
  6725 | D:7      | Found an opulent altar of Gozag.
  6757 | D:7      | Noticed Joseph
  6777 | D:7      | Killed Joseph
  7147 | D:8      | Learned a level 4 spell: Summon Ice Beast
  7167 | D:8      | Reached skill level 1 in Armour
  7642 | D:8      | Reached XP level 10. HP: 81/81 MP: 12/19
  7649 | D:8      | Reached skill level 5 in Armour
  7665 | D:8      | Found a shattered altar of Ashenzari.
  7666 | D:8      | Found a burning altar of Makhleb.
  8113 | D:8      | Found an iron altar of Okawaru.
  8137 | D:8      | Found an ancient bone altar of Kikubaaqudgha.
  8138 | D:8      | Found a radiant altar of Vehumet.
  8645 | D:8      | Found a snail-covered altar of Cheibriados.
  9024 | D:9      | Reached skill level 1 in Summonings
  9419 | D:9      | Found a staircase to the Lair.
  9758 | D:9      | Found a glowing silver altar of Zin.
  9853 | D:9      | Found a sacrificial altar of Ru.
  9853 | D:9      | Noticed Maurice
  9863 | D:9      | Killed Maurice
 10051 | D:9      | Found a glowing golden altar of the Shining One.
 10317 | D:9      | Reached skill level 5 in Spellcasting
 10465 | D:10     | Entered Level 10 of the Dungeon
 10490 | D:10     | Noticed Sonja
 10509 | D:10     | Killed Sonja
 10933 | D:10     | Killed an unseen horror
 11086 | D:10     | Got a pitted leather armour
 11102 | D:10     | Got an ichor-stained leather armour
 11103 | D:10     | Identified the +3 leather armour of the Skies Above {MR+
                  | Str+2 Stlth-} (You found it on level 10 of the Dungeon)
 11104 | D:10     | Identified the +2 leather armour of Resonance {Harm} (You
                  | found it on level 10 of the Dungeon)
 11547 | D:10     | Reached XP level 11. HP: 88/88 MP: 21/25
 12203 | D:10     | Noticed a two-headed ogre
 12211 | D:10     | Killed a two-headed ogre
 12211 | D:10     | Reached skill level 9 in Ice Magic
 12493 | D:10     | Found a staircase to the Orcish Mines.
 12541 | D:10     | Reached skill level 10 in Ice Magic
 12690 | Lair:1   | Entered Level 1 of the Lair of Beasts
 12737 | Lair:1   | Noticed a five-headed hydra
 12767 | Lair:1   | Killed a five-headed hydra
 12873 | Lair:1   | Noticed Nergalle
 12892 | Lair:1   | Killed Nergalle
 13151 | Lair:1   | Reached skill level 5 in Shields
 14183 | Lair:2   | Noticed a seven-headed hydra
 14197 | Lair:2   | Killed a seven-headed hydra
 14197 | Lair:2   | Reached skill level 11 in Ice Magic
 14335 | Lair:2   | Reached XP level 12. HP: 52/94 MP: 23/26
 14895 | Lair:2   | Reached skill level 12 in Ice Magic
 14909 | Lair:2   | Found a hole to the Spider Nest.
 16137 | Lair:3   | Got a jewelled ring mail
 16138 | Lair:3   | Identified the cursed +0 ring mail "Seliun" {MR++ Regen+}
                  | (You found it on level 3 of the Lair of Beasts)
 16159 | Lair:3   | Noticed a five-headed hydra
 16174 | Lair:3   | Killed a five-headed hydra
 16174 | Lair:3   | Reached skill level 13 in Ice Magic
 16538 | Lair:3   | Got a fading mace
 16539 | Lair:3   | Identified the +6 mace of Delightful Defiance {freeze,
                  | Int+5 Dex+6} (You found it on level 3 of the Lair of
                  | Beasts)
 16731 | Lair:4   | Found a staircase to the Swamp.
 16732 | Lair:4   | Noticed a four-headed hydra
 16766 | Lair:4   | Found a large runed translucent door.
 16767 | Lair:4   | Found a large runed translucent door.
 16769 | Lair:4   | Noticed hjaiej13's ghost (journeyman DrIE)
 17354 | Lair:4   | Killed a four-headed hydra
 17721 | Lair:5   | Found a staircase to the Slime Pits.
 17758 | Lair:5   | Reached XP level 13. HP: 83/100 MP: 27/27
 17936 | Lair:5   | Reached skill level 10 in Armour
 18714 | Lair:5   | Noticed Rupert
 18728 | Lair:5   | Killed Rupert
 19250 | Lair:6   | Entered Level 6 of the Lair of Beasts
 19948 | Lair:6   | Noticed Josephine
 19956 | Lair:6   | Killed Josephine
 21518 | Lair:6   | Identified a scroll of acquirement
 21519 | Lair:6   | Acquired a +0 pair of boots of running
 21896 | Orc:1    | Entered Level 1 of the Orcish Mines
 21916 | Orc:1    | Reached XP level 14. HP: 97/107 MP: 14/32
 22191 | Orc:2    | Entered Level 2 of the Orcish Mines
 22330 | Orc:1    | Noticed Fannar
 22613 | Orc:1    | Killed Fannar
 22673 | Orc:1    | Found Ummit's Assorted Antiques.
 23223 | Orc:2    | Reached skill level 10 in Spellcasting
 23322 | Orc:2    | Noticed an orc warlord
 23365 | Orc:2    | Killed an orc warlord
 23730 | Orc:2    | Found a roughly hewn altar of Beogh.
 23871 | Orc:2    | Noticed Urug
 24009 | Orc:2    | Killed Urug
 24498 | Orc:2    | Found Raikuat's Jewellery Boutique.
 24509 | Orc:2    | Found a staircase to the Elven Halls.
 24668 | Orc:2    | Found Itueqause's General Store.
 24683 | Orc:2    | Found Raceyjoc's Antique Armour Boutique.
 24731 | Orc:2    | Found Cuirchapo's Antique Weapon Boutique.
 25195 | D:11     | Acquired 1350 gold pieces
 25657 | D:11     | Found Heekh's Assorted Antiques.
 25663 | D:11     | Bought a leatherbound book for 480 gold pieces
 26598 | D:12     | Reached skill level 14 in Ice Magic
 27167 | D:12     | Found a portal to a secret trove of treasure.
 27924 | D:13     | Got a scintillating turquoise ring
 27925 | D:13     | Identified the ring "Huja" {rPois rF+ rC+ Str+2 Int+2} (You
                  | found it on level 13 of the Dungeon)
 29015 | D:14     | Found Wiptor's Assorted Antiques.
 29023 | D:14     | Bought a warped helmet for 171 gold pieces
 29023 | D:14     | Identified the +2 helmet "Laimen" {rPois Dex+5} (You bought
                  | it in a shop on level 14 of the Dungeon)
 29104 | D:14     | Found Uqasas's Assorted Antiques.
 29112 | D:14     | Bought a metal-bound book for 360 gold pieces
 29115 | D:14     | Learned a level 2 spell: Sublimation of Blood
 29120 | D:14     | Found Wikk's General Store.
 29258 | D:14     | Found Toefuter's Antique Armour Emporium.
 29545 | D:14     | Reached skill level 15 in Ice Magic
 30160 | D:14     | Reached XP level 15. HP: 113/113 MP: 1/35
 30398 | D:14     | Found a gate to the Vaults.
 30629 | D:14     | Found Elun's Antique Armour Shop.
 30784 | D:15     | Entered Level 15 of the Dungeon
 31291 | D:15     | Reached skill level 16 in Ice Magic
 31452 | D:15     | Found a staircase to the Depths.
 32463 | Spider:1 | Entered Level 1 of the Spider Nest
 32994 | Spider:1 | Found a large runed translucent door.
 32995 | Spider:1 | Found a large runed translucent door.
 32998 | Spider:1 | Noticed Poeca's ghost (journeyman FoSk)
 33346 | Spider:1 | Noticed Asterion
 33433 | Swamp:1  | Entered Level 1 of the Swamp
 33588 | Swamp:1  | Reached skill level 17 in Ice Magic
 33677 | Swamp:1  | Reached skill level 1 in Maces & Flails
 34449 | Swamp:2  | Noticed a thorn hunter
 34582 | Swamp:1  | Learned a level 6 spell: Eringya's Noxious Bog
 34733 | Swamp:2  | Killed a thorn hunter
 34747 | Swamp:1  | Learned a level 2 spell: Blink
 35040 | Swamp:2  | HP: 3/112 [shambling mangrove (7)]
 35041 | Swamp:2  | Slain by a shambling mangrove

Illustrated notes

Levels and vault maps discovered:
D:1:      minmay_arrival_four_loops, layout_basic
D:2:      layout_rooms, uniq_sigmund
D:3:      layout_basic, serial_bayou, serial_bayou_crossing,
          serial_bayou_pond_c, serial_bayou_pond_c, serial_bayou_lake_a,
          fedhas_altar_2, uniq_grinder
D:4:      layout_loops_ring, first_ration
D:5:      layout_gridville, minmay_temple_entry_glass,
          trog_three_pillars_becter, uniq_ijyb, uniq_crazy_yiuf_cottage
D:6:      layout_rooms, yredelemnul_altar_generic, elyvilon_altar_4,
          ebering_ghost_sewer_f, uniq_eustachio
D:7:      layout_basic, grunt_dithmenos_smoke, lemuel_round_altar, uniq_harold,
          uniq_pikel, uniq_joseph
D:8:      wad_woods_minihive, layout_rooms, slow_altar_2,
          grunt_temple_overflow_open
D:9:      layout_irregular_city, nicolae_ru_great_annihilating_truth,
          kennysheep_mini, tso_metal_star, david_lair_shrubbed, uniq_maurice
D:10:     layout_long_grid, kennysheep_orc_monster_closet_entryway,
          minivault_23, uniq_sonja
D:11:     layout_basic, david_nohive_1, kennysheep_windowed_goal
D:12:     layout_loops_cross, enter_trove_0, minmay_nine_imps
D:13:     layout_rooms, grunt_decor_resistance
D:14:     layout_layer_cave, david_vaults_5, serial_shops, shop, shop, shop,
          shop, kennysheep_little_box, grunt_decor_cap
D:15:     hangedman_depths_entry_civil_slaughter, layout_basic,
          nicolae_lava_and_water
Lair:1:   layout_regular_city, cheibrodos_lair_caveside_slide, uniq_nergalle
Lair:2:   layout_chaotic_city, spider_nest_entry_funnel_web,
          gauntlet_entry_generic, infiniplex_staircase_pool_2,
          minmay_lair_oklob_chamber
Lair:3:   layout_cave_pods
Lair:4:   layout_long_grid, swamp_mist_pool, ebering_ghost_disaster_area,
          beast_lair_carwin_10
Lair:5:   layout_cave_pods, nicolae_slime_entry_slimehenge, special_room
          [special_room_mythical_zoo], chequers_serial_rivers_large_a,
          st_stairs_7, serial_bayou_shore_b, uniq_rupert
Lair:6:   guppyfry_lair_end_dragon, layout_gridlike, st_stairs_4,
          serial_bayou_pond_e, serial_bayou_pond_b, uniq_josephine
Swamp:1:  layout_basic_swamp, serial_swamp_ruin, evilmike_swamp_ruin_house_2,
          evilmike_swamp_ruin_house_5
Swamp:2:  layout_basic_swamp, evilmike_swamp_ruin_house_4, roderic_carrion_pond
Spider:1: layout_spider_delve, ebering_ghost_disaster_area,
          guppyfry_spider_mini_3, uniq_asterion
Orc:1:    layout_caves, serial_shops, nicolae_shop_waterfront, enter_bailey_2,
          uniq_fannar
Orc:2:    grunt_orc_cross, layout_caves

Skill      XL: |  1  2  3  4  5  6  7  8  9 10 11 12 13 14 15 |
---------------+----------------------------------------------+-----
Ice Magic      | 4 5 7 8 11 13 15 17 | 17.0
Spellcasting   | 2 3 4 6 9 11 | 11.0
Conjurations   | 2 |  2.0
Evocations     | 1 |  1.7
Dodging        | 3 6 7 8 |  8.0
Fighting       | 5 |  5.3
Armour         | 4 7 9 12 | 12.0
Summonings     | 3 |  3.2
Shields        | 5 |  5.0
Maces & Flails | 4 |  4.7
Stealth        | |  1.7

Action                   |  1- 3 |  4- 6 |  7- 9 | 10-12 | 13-15 || total
-------------------------+-------+-------+-------+-------+-------++-------
Melee: Dagger            |    25 |    17 |       |       |       ||    42
       Unarmed           |     3 |       |       |       |       ||     3
       Flail             |       |    44 |    13 |       |       ||    57
       Mace              |       |       |    19 |    58 |   786 ||   863
       Whip              |       |       |    16 |       |       ||    16
       Short sword       |       |       |    56 |   350 |       ||   406
Throw: Dart              |     8 |       |       |     3 |       ||    11
 Cast: Freeze            |    61 |     4 |     2 |    47 |    59 ||   173
       Frozen Ramparts   |       |    19 |    40 |    99 |   179 ||   337
       Hailstorm         |       |       |     6 |    44 |   141 ||   191
       Summon Ice Beast  |       |       |       |    45 |   224 ||   269
Evoke: Wand              |       |       |     3 |       |     9 ||    12
  Use: Potion            |       |       |     2 |       |       ||     2
       Scroll            |       |       |       |     7 |    28 ||    35
 Stab: Sleeping          |     2 |       |     2 |     2 |       ||     6
       Distracted        |       |       |       |     2 |    11 ||    13
  Eat: Chunk             |     5 |     6 |    12 |    37 |    47 ||   107
       Ration            |       |       |     1 |     1 |     2 ||     4
Armor: Robe              |    23 |     9 |    12 |       |       ||    44
       Leather armour    |       |       |    10 |    61 |       ||    71
       Ring mail         |       |       |       |    21 |   393 ||   414
Dodge: Dodged            |    51 |    45 |   162 |   493 |  1085 ||  1836
Block: Buckler           |       |       |       |    57 |   435 ||   492
